AoeStats
← Behind You

Arena

510727031Analyzed
4v4 RM · 16h ago on Oct 2, 2026· 40m 29s· 8 players
Game mode
Random Map
Map size
Large (8 player)
Population
200
Speed
Normal
Resources
Standard
Victory
Conquest
Starting age
Dark Age
Ending age
Imperial Age
RankedLock teamsTeams togetherTeam positionsShared explorationLock speedFull tech treeHidden civsTurbo modeCheats
Victory
Defeat
🇻🇳 Hindustanis · Vietnam
1386
+15
🇨🇳 Spanish · China
1322
+17
🇹🇼 Persians · Taiwan
1303
+18
🇮🇩 Jurchens · Indonesia
1299
+18
🇯🇵 Franks · Japan
1403
-18
🇹🇼 Danes · Taiwan
1360
-17
🇨🇳 Varangians · China
1346
-17
🇯🇵 Britons · Japan
1312
-16
Odd's
11:48 Feudal Age
15:14 Castle Age
13:41 Double-Bit Axe
17:01 Bow Saw
18:24 Wheelbarrow
21:52 Gold Mining
22:44 Hand Cart
24:45 Gold Shaft Mining
28:15 Imperial Age
25:33 Loom
25:55 Scale Barding Armor
26:01 Forging
25:43 Stone Mining
27:05 Chain Barding Armor
26:46 Scale Mail Armor
26:07 Pikeman
26:48 Squires
28:21 Iron Casting
27:48 Husbandry
28:34 Light Cavalry
28:35 Cavalier
29:22 Halberdier
30:20 Chain Mail Armor
30:41 Plate Barding Armor
32:08 Blast Furnace
31:50 Plate Mail Armor
32:45 Paladin
36:56 Fletching
38:37 Conscription
37:41 Elite Throwing Axeman
38:57 Hoardings
40:00 Bodkin Arrow
40:27 Ballistics
41:08 Chemistry
39:49 Treadmill Crane
40:19 Masonry
40:20 Fortified Wall
ALmotema
9:35 Feudal Age
13:16 Castle Age
11:39 Double-Bit Axe
11:48 Horse Collar
14:14 Bow Saw
15:23 Loom
21:24 Heavy Plow
23:51 Wheelbarrow
24:26 Gold Mining
27:48 Imperial Age
24:52 Pikeman
26:18 Scale Mail Armor
26:28 Forging
27:13 Hand Cart
27:15 Chain Mail Armor
27:02 Squires
28:27 Iron Casting
28:03 Onager
29:02 Careening
28:59 Siege Engineers
29:48 Siege Onager
29:59 Northmen's Fury
31:06 Siege Onager
33:24 Plate Mail Armor
32:16 Halberdier
34:43 Blast Furnace
34:09 Hamask
36:11 Conscription
37:45 Masonry
ふぁいやー
10:28 Feudal Age
11:45 Loom
11:55 Double-Bit Axe
14:39 Castle Age
12:59 Gold Mining
12:57 Horse Collar
15:49 Bow Saw
16:05 Heavy Plow
18:38 Fletching
18:47 Crossbowman
32:35 Bodkin Arrow
38:39 Ballistics
ABCDE
11:59 Feudal Age
12:53 Double-Bit Axe
15:22 Castle Age
13:13 Horse Collar
15:17 Wheelbarrow
16:23 Bow Saw
16:24 Heavy Plow
22:06 Stone Mining
22:08 Gold Mining
24:47 Stone Shaft Mining
26:46 Loom
27:16 Hand Cart
26:46 Town Watch
30:14 Imperial Age
28:46 Forging
28:42 Scale Barding Armor
30:07 Iron Casting
29:32 Scale Mail Armor
29:53 Chain Barding Armor
29:48 Squires
29:33 Arson
31:23 Conscription
30:23 Gothikon
31:22 Chain Mail Armor
32:13 Blast Furnace
32:31 Two-Man Saw
32:13 Crop Rotation
31:40 Elite Varangian Guard
35:11 Plate Mail Armor
35:17 Plate Barding Armor
36:28 Bloodlines
36:18 Husbandry
35:40 Elite Jarl
36:38 Fletching
chengaopeng044
0:39 Loom
10:52 Feudal Age
14:13 Castle Age
12:09 Double-Bit Axe
13:28 Bloodlines
17:41 Town Watch
20:35 Wheelbarrow
21:28 Scale Barding Armor
23:12 Horse Collar
25:04 Bow Saw
25:07 Forging
27:05 Heavy Plow
29:50 Hand Cart
31:39 Iron Casting
33:13 Stone Mining
33:14 Gold Mining
34:58 Husbandry
37:26 Gold Shaft Mining
36:54 Fletching
37:05 Padded Archer Armor
38:05 Kamandaran
38:22 Bodkin Arrow
38:41 Elite Skirmisher
40:24 Ballistics
S.T.A.R.S. Wesker
11:01 Feudal Age
14:39 Castle Age
12:31 Horse Collar
12:53 Double-Bit Axe
21:00 Wheelbarrow
25:21 Loom
28:36 Imperial Age
29:37 Conscription
29:31 Bloodlines
29:21 Husbandry
29:32 Padded Archer Armor
28:55 Elite Conquistador
30:29 Leather Archer Armor
31:53 Chemistry
32:18 Ring Archer Armor
32:35 Town Watch
Behind You
9:31 Feudal Age
13:33 Castle Age
11:31 Horse Collar
11:44 Double-Bit Axe
11:54 Horse Collar
19:12 Loom
21:59 Stone Mining
23:35 Wheelbarrow
26:07 Stone Shaft Mining
25:25 Gold Mining
29:07 Imperial Age
26:47 Scale Barding Armor
27:25 Hand Cart
28:33 Forging
28:44 Chain Barding Armor
28:59 Bloodlines
28:50 Husbandry
29:34 Gold Shaft Mining
30:00 Elite Iron Pagoda
31:43 Iron Casting
34:11 Blast Furnace
33:46 Plate Barding Armor
34:11 Blast Furnace
34:47 Conscription
35:27 Fortified Bastions
38:31 Hoardings
38:52 Light Cavalry
VN_BILL
10:51 Feudal Age
12:08 Double-Bit Axe
14:53 Castle Age
12:50 Horse Collar
16:05 Bow Saw
16:43 Wheelbarrow
22:12 Hand Cart
27:29 Imperial Age
24:47 Loom
25:15 Forging
25:10 Scale Barding Armor
25:13 Gold Mining
26:34 Iron Casting
26:59 Gold Shaft Mining
27:48 Chain Barding Armor
27:45 Heavy Plow
27:58 Heavy Camel Rider
28:58 Bloodlines
28:49 Husbandry
29:47 Plate Barding Armor
30:13 Blast Furnace
30:00 Imperial Camel Rider
31:48 Coinage
33:23 Chemistry
32:44 Ballistics
32:41 Fletching
32:52 Padded Archer Armor
32:57 Town Watch
33:53 Thumb Ring
34:47 Bodkin Arrow
35:07 Leather Archer Armor
35:04 Fortified Wall
37:21 Two-Man Saw
37:25 Ring Archer Armor
40:08 Light Cavalry
40:51 Bracer
41:04 Masonry
Connection lost

Rejoining the realm…

Still unreachable

The connection could not be restored.

Session expired

The server has moved on; the page needs a fresh start.